 Dungeon Crawl Stone Soup version 0.17-a0-2215-g49c1de0 (webtiles) character file.

31 M4edhros the Charlatan (level 3, -3/23 HPs)
             Began as an Octopode Artificer on Oct 28, 2015.
             Slain by a sky beast (6 damage)
             ... on level 3 of the Dungeon.
             The game lasted 00:01:13 (842 turns).

M4edhros the Charlatan (Octopode Artificer)          Turns: 842, Time: 00:01:14

Health: -3/23      AC:  1    Str: 10    XL:     3   Next: 22%
Magic:  6/6        EV: 12    Int: 14    God:
Gold:   77         SH:  0    Dex: 13    Spells: 0 memorised, 2 levels left

rFire  . . .     SeeInvis .     a - +0 short sword
rCold  . . .     Clarity  .     (no shield)
rNeg   . . .     SustAt   +     (helmet restricted)
rPois  .         Gourm    .     (no amulet)
rElec  .         Spirit   .     p - ring of sustain attributes
rCorr  .         Warding  .     (no ring)
rMut   .         Stasis   .     (no ring)
MR     .....                    (no ring)
Stlth  +++.......               (no ring)
                                (no ring)
                                (no ring)
                                (no ring)

@: not resistant to hostile enchantments, fairly stealthy
A: almost no armour, amphibious, 8 rings, constrict 8, camouflage 1, gelatinous
body 1
a: no special abilities


You were on level 3 of the Dungeon.
You were not hungry.

You visited 1 branch of the dungeon, and saw 3 of its levels.

You collected 77 gold pieces.

Inventory:

Hand Weapons
 a - a +0 short sword (weapon)
Jewellery
 p - a ring of sustain attributes (left tentacle)
Wands
 b - a wand of flame (15)
 c - a wand of enslavement (14)
 d - a wand of random effects (8)
 r - a wand of confusion (7)
Scrolls
 g - a scroll of fog {unknown}
 h - 3 scrolls of identify {unknown}
 j - a scroll of remove curse {unknown}
 k - 2 scrolls of fear {unknown}
 l - a scroll of random uselessness {unknown}
 m - 2 scrolls of teleportation {unknown}
 o - 2 scrolls of recharging {unknown}
Potions
 f - a potion of flight {unknown}
 i - 3 potions of brilliance {unknown}
 q - a potion of resistance {unknown}
Comestibles
 e - a bread ration
 n - a beef jerky


   Skills:
 - Level 1.0 Fighting
 - Level 1.0 Short Blades
 - Level 2.0 Dodging
 + Level 3.2 Stealth
 + Level 4.0 Evocations


You had 2 spell levels left.
You didn't know any spells.

Dungeon Overview and Level Annotations

Branches:
Dungeon (3/15)

Altars:


Innate Abilities, Weirdness & Mutations

You cannot wear most types of armour.
You are amphibious.
You can wear up to eight rings at the same time.
You can use your tentacles to constrict eight enemies at once.
Your skin changes colour to match your surroundings (Stealth).
Your rubbery body absorbs attacks (AC +1).


Message History

Press: ? - help, Shift-Dir - straight line, f/p - sky beast
Aim: a sky beast (moderately wounded, fast)
The magic dart hits the sky beast.
The sky beast is moderately wounded.
This wand has 8 charges left.
The hobgoblin shouts!
The sky beast hits you. The sky beast shocks you.
* * * LOW HITPOINT WARNING * * *
The hobgoblin moves out of view.
Evoke which item? (* to show all) (? for menu, Esc to quit)
Zapping:
c - a wand of enslavement (15)
Press: ? - help, Shift-Dir - straight line, f/p - sky beast
Aim: a sky beast (moderately wounded, fast, chance to defeat MR: 54%)
The sky beast resists with significant effort.
This wand has 14 charges left.
The sky beast flickers out of sight!
Deactivating autopickup; reactivate with Ctrl-A.
Something hits you but does no damage. Something hits you.
* * * LOW HITPOINT WARNING * * *
Something shocks you.
You die...

... . #..#.. ....
####.##### +#
#####†.......# ...
#...).....##.# ...?
#.###.....##)# ....$
...####.###.....##.#......
...............@...'......
...####.###....{...#...<..
#.# #.##..#### ..... #.#
#.###.# .... #.###.###.#
... #..§Y.....# #+#
#####.###.# #.# #.# #.#
###.###### #.# #........#


There were no monsters in sight!

Vanquished Creatures
  2 giant geckos
  A giant cockroach (D:1)
  5 goblins (D:1)
  2 hobgoblins (D:1)
  4 kobolds
  7 bats (D:1)
  3 giant newts (D:1)
  5 rats (D:1)
29 creatures vanquished.

Notes
Turn   | Place    | Note
--------------------------------------------------------------
     0 | D:1      | M4edhros the Octopode Artificer began the quest for the Orb.
     0 | D:1      | Reached XP level 1. HP: 13/13 MP: 3/3
    75 | D:1      | Reached XP level 2. HP: 16/18 MP: 4/4
   414 | D:1      | Reached XP level 3. HP: 19/23 MP: 5/5
   420 | D:1      | Reached skill level 4 in Evocations
   807 | D:3      | Noticed a sky beast
   842 | D:3      | Slain by a sky beast

Vault maps used:
D:1:      dpeg_arrival_subterranean_lakeside_camping
D:2:      lightli_temple_of_fire, uniq_sigmund
D:3:      grunt_ministairs_5, trog_wizard

Action                   || total
-------------------------++-------
Melee: Short sword       ||    55
Evoke: Wand              ||     8
 Stab: Sleeping          ||    14
